 Dungeon Crawl Stone Soup version 0.30-a0-1018-g25214051b3 (webtiles) character file.

Game seed: 14031929002974232483

522 odemus the Conjurer (level 7, -8/36 HPs)
             Began as a Deep Elf Conjurer on Apr 7, 2023.
             Was a Believer of Okawaru.
             Mangled by an ogre
             ... wielding a +0 giant spiked club
              (29 damage)
             ... on level 6 of the Dungeon.
             The game lasted 00:53:31 (4570 turns).

odemus the Conjurer (Deep Elf Conjurer)             Turns: 4570, Time: 00:53:32

Health: -8/36      AC:  4    Str:  4    XL:     7   Next: 2%
Magic:  14/18      EV: 13    Int: 25    God:    Okawaru [**....]
Gold:   142        SH:  0    Dex: 13    Spells: 8/18 levels left

rFire   . . .      SeeInvis .    (no weapon)
rCold   + . .      Faith    .    (no shield)
rNeg    . . .      Spirit   .    a - +0 robe
rPois   +          Reflect  .    (no helmet)
rElec   .          Rampage  .    m - +0 cloak
rCorr   .                        g - +0 pair of gloves
Will    .....                    (no boots)
Stlth   +++                      n - amulet of magic regeneration
HPRegen 0.26/turn                i - ring of protection from cold
MPRegen 0.56/turn                u - ring of poison resistance

@: no status effects
A: no striking features
a: Renounce Religion, Heroism


You were on level 6 of the Dungeon.
You worshipped Okawaru.
Okawaru was pleased with you.
You visited 1 branch of the dungeon, and saw 7 of its levels.

You collected 194 gold pieces.
You spent 52 gold pieces at shops.

Inventory:

Armour
 a - a +0 robe (worn)
 e - a +0 helmet
 g - a +0 pair of gloves (worn)
 m - a +0 cloak (worn)
 q - the +0 robe of the Little Devil {Drain rPois rC+}
   (You found it on level 2 of the Dungeon)

   rC:        It protects you from cold.
   rPois:     It protects you from poison.
   Drain:     It drains your maximum health when unequipped.
Magical Staves
 j - a staff of death
Jewellery
 i - a ring of protection from cold (left hand)
 n - an amulet of magic regeneration (around neck)
 u - a ring of poison resistance (right hand)
Wands
 x - a wand of digging (3)
Scrolls
 c - a scroll of silence {unknown}
 l - a scroll of poison {unknown}
 o - a scroll of torment {unknown}
 p - 2 scrolls of vulnerability {unknown}
 r - 3 scrolls of identify {unknown}
 t - 3 scrolls of teleportation {unknown}
 v - 2 scrolls of fear
 w - a scroll of noise {unknown}
 y - a scroll of enchant armour {unknown}
 C - a scroll of blinking {unknown}
Potions
 b - a potion of magic
 d - 2 potions of flight
 h - 2 potions of curing {unknown}
 k - a potion of mutation {unknown}
 s - a potion of experience {unknown}
 z - 3 potions of attraction {unknown}
 A - a potion of invisibility {unknown}
 B - a potion of haste {unknown}


   Skills:
 + Level 3.1 Dodging
 + Level 4.2 Stealth
 + Level 6.4 Spellcasting
 + Level 7.0 Conjurations
 + Level 0.2 Hexes
 + Level 0.1 Translocations


You had 8 spell levels left.
You knew the following spells:

 Your Spells              Type           Power      Damage    Failure   Level
a - Magic Dart            Conj           100%       1d8       1%          1
b - Searing Ray           Conj           86%        2d7       1%          2
c - Teleport Other        Tloc           8%         N/A       21%         3
d - Fulminant Prism       Conj/Hex       13%        3d9       16%         4

Your spell library contained the following spells:

 Spells                   Type           Power      Damage    Failure   Level
 Dazzling Flash           Conj/Hex       52%        N/A       4%          3
 Cigotuvi's Dreadful Rot  Necr/Pois/Air  16%        N/A       11%         2
 Iskenderun's Mystic Bla  Conj/Tloc      26%        2d7       16%         4
 Gell's Gravitas          Tloc           8%         N/A       21%         3
 Ignite Poison            Fire/Tmut/Pois 8%         N/A       22%         3
 Passage of Golubria      Tloc           8%         N/A       54%         4
 Freezing Cloud           Conj/Ice/Air   9%         6-21      58%         5
 Yara's Violent Unravell  Hex/Tmut       4%         3d4       88%         5
 Dispersal                Tloc           4%         N/A       100%        6
 Tukima's Dance           Hex            Unusable   N/A       N/A         3

Dungeon Overview and Level Annotations

Branches:
Dungeon (7/15)             Temple (0/1) D:6

Altars:
Gozag
Kikubaaqudgha
Okawaru
Vehumet

Shops:
D:3 *   D:4 ?

Annotations:
D:4 Ijyb
D:7 Maggie


Message History

Aim: an orc, wielding a +0 club (82% to hit)
The searing ray misses the orc. (Press . to maintain the ray.)
The searing ray hits the orc!
You kill the orc!
Okawaru accepts your kill.
Things that are here:
a +0 club; an orc corpse
Found a scroll labelled RUIBROMN LOAF.
Found a ring mail.
r - 3 scrolls labelled NYCLIO DYISTREV (gained 1)
t - 3 scrolls labelled RUIBROMN LOAF (gained 1)
You open the door.
There is an open door here.
There is an open door here.
There is an open door here.
An ogre comes into view. It is wielding a +0 giant spiked club.
Casting: Searing Ray (safe; 1% risk of failure)
Confirm with . or Enter, or press ? or * to list all spells.
Aiming: Searing Ray (safe; 1% risk of failure)
Press: ? - help, Shift-Dir - straight line, f - ogre
Aim: an ogre, wielding a +0 giant spiked club (91% to hit)
The searing ray hits the ogre.
The ogre is lightly wounded. (Press . to maintain the ray.)
The searing ray hits the ogre!
The ogre is severely wounded.
Casting: Searing Ray (safe; 1% risk of failure)
Confirm with . or Enter, or press ? or * to list all spells.
Restarting spell: Searing Ray (safe; 1% risk of failure)
Press: ? - help, Shift-Dir - straight line, f/p - ogre
Aim: an ogre, wielding a +0 giant spiked club (severely wounded, 91% to hit)
The searing ray hits the ogre.
The ogre is almost dead. (Press . to maintain the ray.)
The ogre hits you with a +0 giant spiked club!
The searing ray misses the ogre.
The ogre hits you with a +0 giant spiked club!!
Ouch! That really hurt!
You die...

#........'......#.
#.########......##
#.#.............##
#.# .####.........
#.# #......###
####.# #......#
#....# #......# .
#....# #....[.#..
#...@# #.######..
#...O# #.........
####....#
#.........
#.......#
#........#
#.......#
#.........
#.......#
##........
#.........
..........
#...###....
.....######. #...
'..........# .


You could see an ogre.

Vanquished Creatures
  An ogre (D:5)
  A phantom (D:5)
  A scorpion (D:6)
  A howler monkey (D:4)
  A hound (D:6)
  A jelly (D:4)
  An orc priest (D:5)
  An orc wizard (D:5)
  7 adders
  An ufetubus (D:6)
  A worm (D:2)
  3 dart slugs
  12 orcs
  A bat (D:1)
  5 endoplasms
  A giant cockroach (D:3)
  5 hobgoblins
  4 jackals
  7 kobolds
  2 quokkas
  6 ball pythons
  4 frilled lizards
  4 rats
71 creatures vanquished.

Vanquished Creatures (others)
  A fulminant prism (D:6)
  2 plants (D:2)
3 creatures vanquished.

Grand Total: 74 creatures vanquished

Notes
Turn   | Place    | Note
-------+----------+-------------------------------------------
     0 | D:1      | odemus the Deep Elf Conjurer began the quest for the Orb.
     0 | D:1      | Reached XP level 1. HP: 10/10 MP: 6/6
   601 | D:1      | Reached XP level 2. HP: 15/15 MP: 4/8
  1074 | D:1      | Found a faded altar of an unknown god.
  1078 | D:1      | Prayed at the altar of an unknown god.
  1078 | D:1      | Became a worshipper of Warmaster Okawaru
  1078 | D:1      | Reached * piety under Okawaru
  1534 | D:2      | Identified the +0 robe of the Little Devil {Drain rPois
                  | rC+}
  1567 | D:2      | Learned a level 2 spell: Searing Ray
  1634 | D:2      | Reached skill level 5 in Conjurations
  1733 | D:2      | Reached XP level 3. HP: 19/19 MP: 4/9
  1758 | D:2      | Found an ancient bone altar of Kikubaaqudgha.
  1896 | D:2      | Learned a level 3 spell: Teleport Other
  2362 | D:3      | Reached XP level 4. HP: 24/24 MP: 8/11
  2445 | D:3      | Found Keditter's General Store.
  2929 | D:4      | Reached skill level 6 in Conjurations
  2938 | D:3      | Learned a level 4 spell: Fulminant Prism
  2960 | D:4      | Reached XP level 5. HP: 28/28 MP: 10/13
  3002 | D:4      | Found Nuzogog's Magic Scroll Shop.
  3018 | D:4      | Bought a scroll of fear for 52 gold pieces
  3053 | D:4      | Noticed Ijyb
  3059 | D:4      | Found a radiant altar of Vehumet.
  3183 | D:4      | Found an opulent altar of Gozag.
  3565 | D:5      | Entered Level 5 of the Dungeon
  3719 | D:5      | Noticed a gargoyle
  3766 | D:6      | Noticed a sky beast
  3782 | D:6      | Reached skill level 5 in Spellcasting
  3785 | D:6      | Noticed a black bear
  3979 | D:7      | Noticed Maggie
  4148 | D:6      | Found a staircase to the Ecumenical Temple.
  4174 | D:6      | Noticed a phantom
  4237 | D:6      | Reached XP level 6. HP: 32/32 MP: 11/15
  4335 | D:5      | Reached ** piety under Okawaru
  4349 | D:5      | Reached skill level 7 in Conjurations
  4399 | D:6      | Reached XP level 7. HP: 36/36 MP: 16/18
  4570 | D:6      | Mangled by an ogre

Illustrated notes

Levels and vault maps discovered:
D:1:      arrival_zaba_pyramid, layout_loops_corners,
          shapermc_ecumenical_altar_hornbeckon, minmay_misc_feat_five,
          grunt_decor_fettered, dreamdust_princess_bridge
D:2:      layout_rooms, basic_altar, nrook_mini_vaults,
          minmay_shallow_snake_nest
D:3:      layout_loops_ring, serial_shops, shop, dreamdust_wishing_well,
          minmay_fractal_squares_diagonal_5
D:4:      layout_basic, nicolae_hepliaklqana_monster_ancestors, kennysheep_mini,
          nicolae_vehumet_radiance, kennysheep_little_box, serial_shops, shop,
          uniq_ijyb
D:5:      layout_gridville, trog_three_pillars_becter
D:6:      layout_basic, chei_slow_surprise, temple_fountains
D:7:      layout_cave_pools, mainiacjoe_overflow_alcove_1,
          mainiacjoe_overflow_catwalk, minmay_joined_circles, uniq_maggie

Skill      XL: |  1  2  3  4  5  6 |
---------------+-------------------+-----
Conjurations   | 5 6 7 |  7.0
Stealth        | 3 4 |  4.2
Spellcasting   | 4 5 6 |  6.4
Dodging        | 3 |  3.1
Hexes          | |  0.2
Translocations | |  0.1

Action                     |  1- 3 |  4- 6 |  7- 9 || total
---------------------------+-------+-------+-------++-------
   Cast: Magic Dart        |    52 |    42 |       ||    94
         Searing Ray       |     3 |    15 |     3 ||    21
         Teleport Other    |       |     2 |       ||     2
         Fulminant Prism   |       |     1 |       ||     1
    Use: Potion            |     1 |     3 |       ||     4
 Armour: Robe              |     2 |     4 |       ||     6
  Dodge: Dodged            |     2 |    12 |       ||    14

Table legend: (Time is in decaauts)
 A = Elapsed time spent in this place.
 B = Non-inter-level travel time spent in this place.
 C = Inter-level travel time spent in this place.
 D = Time resting spent in this place.
 E = Time spent auto-exploring this place.
 F = Levels seen in this place.
 G = Mean time per level.
                   A        B        C        D        E       F      G
               +--------+--------+--------+--------+--------+-----+--------+
         Total |   4583 |   4583 |      0 |    100 |    423 |   7 |  654.7 |
       Dungeon |   4583 |   4583 |      0 |    100 |    423 |   7 |  654.7 |
               +--------+--------+--------+--------+--------+-----+--------+

Top non-repeatable levels by time:
     D:1: 1532 daAuts
     D:3: 737 daAuts
     D:2: 683 daAuts
     D:4: 624 daAuts
     D:6: 527 daAuts
     D:5: 287 daAuts
     D:7: 190 daAuts
